 Dungeon Crawl Stone Soup version 0.18-b1-14-g029dad2 (webtiles) character file.

380 Gargoyl the Skirmisher (level 6, -3/50 HPs)
             Began as a Demonspawn Abyssal Knight on Apr 30, 2016.
             Was a Believer of Lugonu.
             Slain by an ogre
             ... wielding a +0 giant club
              (10 damage)
             ... on level 4 of the Dungeon.
             The game lasted 00:41:40 (2615 turns).

Gargoyl the Skirmisher (Demonspawn Abyssal Knight)  Turns: 2615, Time: 00:41:40

Health: -3/50      AC: 12    Str: 14    XL:     6   Next: 46%
Magic:  8/8        EV:  4    Int: 14    God:    Lugonu [**....]
Gold:   152        SH:  0    Dex: 12    Spells: 0 memorised, 5 levels left

rFire  . . .     SeeInvis .     a - +1 hand axe
rCold  . . .     Gourm    .     q - +0 plate armour
rNeg   . . .     Faith    .     (no shield)
rPois  .         Spirit   .     (helmet unavailable)
rElec  .         Dismiss  .     e - +0 cloak
rCorr  .         Reflect  .     (no gloves)
SustAt .         Harm     .     (no boots)
MR     .....                    (no amulet)
Stlth  ..........               (no ring)
                                (no ring)

@: not resistant to hostile enchantments, extremely unstealthy
A: horns 3, powered by death 1
a: Depart the Abyss, Bend Space, Renounce Religion


You were on level 4 of the Dungeon.
You worshipped Lugonu.
Lugonu was pleased with you.
You were not hungry.

You visited 1 branch of the dungeon, and saw 4 of its levels.
You visited the Abyss 1 time.

You collected 152 gold pieces.

Inventory:

Hand Weapons
 a - a +1 hand axe (weapon)
Missiles
 h - 2 javelins (quivered)
 o - 8 tomahawks
Armour
 e - a +0 cloak (worn)
 q - a +0 plate armour (worn)
Wands
 p - a wand of polymorph (14/24)
Scrolls
 b - a scroll of magic mapping {unknown}
 f - 2 scrolls of fog {unknown}
 i - 7 scrolls of identify {unknown}
 j - 2 scrolls of recharging {unknown}
 k - a scroll of amnesia {unknown}
 l - 2 scrolls of teleportation {unknown}
 n - 2 scrolls of fear {unknown}
 r - a scroll of enchant weapon {unknown}
 s - a scroll of remove curse {unknown}
 t - a scroll of random uselessness {unknown}
 v - a scroll of blinking {unknown}
Potions
 d - a potion of heal wounds
 g - a potion of mutation {unknown}
 m - a potion of agility {unknown}
Comestibles
 c - 3 bread rations


   Skills:
 + Level 4.8 Fighting
 + Level 3.1 Axes
 * Level 3.8 Armour
 + Level 2.2 Dodging
 + Level 2.7 Invocations


You had 5 spell levels left.
You didn't know any spells.

Dungeon Overview and Level Annotations

Branches:
Dungeon (4/15)
 Temple: D:4-7

Altars:
Qazlal
Vehumet


Innate Abilities, Weirdness & Mutations

You have a pair of large horns on your head.
You regenerate a little health from kills.


Message History

The ogre is heavily wounded.
The ogre hits you with a giant club!
You hear a shout!
You closely miss the ogre.
The ogre is heavily wounded.
The ogre hits you but does no damage.
You hit the ogre but do no damage.
The ogre is heavily wounded.
The ogre hits you with a giant club.
You slash the ogre!
The ogre is severely wounded.
The ogre hits you with a giant club!
* * * LOW HITPOINT WARNING * * *
A gnoll comes into view.
You hit the ogre.
The ogre is severely wounded.
You hit the gnoll but do no damage. The gnoll hits you.
* * * LOW HITPOINT WARNING * * *
The ogre hits you with a giant club!
You die...

### # .. ###
.##.# ..#
#...###
#.#......#
###.#.....###
#...g.O......
#@....#
#.....#
###......
...... #/...
#... ... #.


You could see an ogre and a gnoll.

Vanquished Creatures
  Grinder (D:3)
  An iron imp (Abyss:1)
  9 adders
  An ooze (D:3)
  A worm (D:3)
  2 dart slugs
  2 giant geckos
  4 giant cockroaches
  8 goblins
  4 hobgoblins
  9 jackals
  3 quokkas
  7 bats
  3 giant newts
  9 kobolds
  4 rats
68 creatures vanquished.

Vanquished Creatures (others)
  An adder (D:2)
1 creature vanquished.

Grand Total: 69 creatures vanquished

Notes
Turn   | Place    | Note
--------------------------------------------------------------
     0 | Abyss:1  | Gargoyl the Demonspawn Abyssal Knight began the quest for the Orb.
     0 | Abyss:1  | Reached XP level 1. HP: 18/18 MP: 2/2
    28 | Abyss:1  | Found a burning altar of Makhleb.
    39 | Abyss:1  | Noticed an iron imp
    49 | Abyss:1  | Killed an iron imp
    49 | Abyss:1  | Reached skill level 1 in Dodging
    49 | Abyss:1  | Gained mutation: You have a pair of small horns on your head. [demonic ancestry]
    49 | Abyss:1  | Reached XP level 2. HP: 20/24 MP: 3/3
    89 | Abyss:2  | Noticed a large abomination
   112 | Abyss:2  | Noticed a worldbinder
   124 | Abyss:2  | Noticed a starcursed mass
   124 | Abyss:2  | Noticed a wretched star
   125 | D:1      | Escaped the Abyss
   163 | D:1      | Gained mutation: You have a pair of horns on your head. [demonic ancestry]
   163 | D:1      | Reached XP level 3. HP: 21/29 MP: 4/4
   327 | D:1      | Reached * piety under Lugonu
   885 | D:2      | Reached skill level 4 in Fighting
   986 | D:2      | Gained mutation: You have a pair of large horns on your head. [demonic ancestry]
   986 | D:2      | Reached XP level 4. HP: 37/37 MP: 4/6
  1697 | D:2      | Found a stormy altar of Qazlal.
  1735 | D:2      | Reached ** piety under Lugonu
  1833 | D:3      | Reached XP level 5. HP: 31/43 MP: 7/7
  2029 | D:3      | Noticed Grinder
  2050 | D:3      | Paralysed by Grinder for 5 turns
  2064 | D:3      | Killed Grinder
  2064 | D:3      | Gained mutation: You regenerate a little health from kills. [demonic ancestry]
  2064 | D:3      | Reached XP level 6. HP: 25/50 MP: 8/8
  2283 | D:3      | Found a radiant altar of Vehumet.
  2615 | D:4      | Slain by an ogre

Skill      XL: |  1  2  3  4  5  6 |
---------------+-------------------+-----
Axes           | 2 3 |  3.1
Armour         | 2 3 |  3.8
Dodging        | 1 2 |  2.2
Fighting       | 4 |  4.8
Invocations    | |  2.7

Action                   |  1- 3 |  4- 6 || total
-------------------------+-------+-------++-------
Melee: Hand axe          |    49 |   172 ||   221
       Headbutt          |     8 |    22 ||    30
Invok: Depart the Abyss  |     1 |       ||     1
  Use: Potion            |       |     1 ||     1
  Eat: Chunk             |     1 |     5 ||     6
Armor: Leather armour    |    23 |       ||    23
       Ring mail         |     1 |    24 ||    25
       Plate armour      |       |   135 ||   135
Dodge: Dodged            |    49 |    84 ||   133
